 Dungeon Crawl Stone Soup version 0.31-a0-1-g4198be8af4 (webtiles) character file.

Game seed: 14654954237302604689

35 sircluck the Vexing (level 3, 0/28 HPs)
             Began as a Gnoll Hexslinger on May 2, 2023.
             Slain by an adder (3 damage)
             ... on level 2 of the Dungeon.
             The game lasted 00:02:35 (1102 turns).

sircluck the Vexing (Gnoll Hexslinger)              Turns: 1102, Time: 00:02:37

Health: 0/28       AC:  2    Str:  9    XL:     3   Next: 33%
Magic:  7/7        EV: 13    Int: 12    God:
Gold:   65         SH:  0    Dex: 14    Spells: 6/7 levels left

rFire   . . .        a - +1 sling
rCold   . . .        (no shield)
rNeg    . . .        c - +0 robe
rPois   .            (no helmet)
rElec   .            j - scarf {+Inv}
rCorr   .            (no gloves)
SInv    .            (no boots)
Will    .....        (no amulet)
Stlth   ++           (no ring)
HPRegen 0.24/turn    (no ring)
MPRegen 0.10/turn

%: no passive effects
@: lethally poisoned (0 -> -6)
A: fangs 1, strong nose, distributed training
a: Evoke Invisibility


You were on level 2 of the Dungeon.
You visited 1 branch of the dungeon, and saw 2 of its levels.

You collected 65 gold pieces.

Inventory:

Hand Weapons
 a - a +1 sling (weapon)
 f - a +1 whip of venom
Missiles
 d - 7 stones
Armour
 c - a +0 robe (worn)
 j - a scarf of invisibility (worn)
Scrolls
 e - a scroll of identify {unknown}
 g - 2 scrolls of teleportation {unknown}
 i - a scroll of brand weapon {unknown}
Potions
 h - a potion of cancellation {unknown}
 k - a potion of attraction {unknown}


   Skills:
 + Level 2.6 Fighting
 + Level 0.8 Short Blades
 + Level 0.8 Long Blades
 + Level 0.8 Axes
 + Level 0.8 Maces & Flails
 + Level 0.8 Polearms
 + Level 0.8 Staves
 + Level 4.5 Ranged Weapons
 + Level 0.8 Throwing
 + Level 0.8 Armour
 + Level 4.5 Dodging
 + Level 0.8 Stealth
 + Level 0.8 Shields
 + Level 0.8 Unarmed Combat
 + Level 2.8 Spellcasting
 + Level 0.5 Conjurations
 + Level 5.4 Hexes
 + Level 0.5 Summonings
 + Level 0.5 Necromancy
 + Level 0.5 Translocations
 + Level 0.5 Transmutations
 + Level 0.5 Fire Magic
 + Level 0.5 Ice Magic
 + Level 0.5 Air Magic
 + Level 0.5 Earth Magic
 + Level 0.5 Poison Magic
 + Level 1.0 Invocations
 + Level 0.8 Evocations


You had 6 spell levels left.
You knew the following spells:

 Your Spells              Type           Power      Damage    Failure   Level
a - Slow                  Hex            56%        N/A       2%          1

Your spell library contained the following spells:

 Spells                   Type           Power      Damage    Failure   Level
 Inner Flame              Hex/Fire       8%         N/A       22%         3
 Portal Projectile        Hex/Tloc       16%        N/A       22%         3
 Cause Fear               Hex            7%         N/A       26%         4


Dungeon Overview and Level Annotations

Branches:
Dungeon (2/15)

Altars:

Shops:
D:1 =[(

Annotations:
D:2 Terence


Innate Abilities, Weirdness & Mutations

You have very sharp teeth.
Your uncanny sense of smell can sniff out nearby items.
Your experience applies equally to all skills.


Message History

The adder barely misses you. The adder attacks as you move away!
The adder bites you.
You are poisoned.
The adder poisons you!
You feel sick. The adder attacks as you move away!
The adder closely misses you.
You feel sick.
You feel sick. The adder barely misses you.
You feel sick.
You are no longer poisoned.
You are too injured to fight recklessly!
Casting: Slow (safe; 2% risk of failure)
Confirm with . or Enter, or press ? or * to list all spells.
Aiming: Slow (safe; 2% risk of failure)
Press: ? - help, Shift-Dir - straight line, f - adder
Aim: an adder (chance to affect: 56%)
The adder seems to slow down.
The adder misses you. The adder barely misses you.
Terence screams, "I'm going to kill you!"
The adder is no longer moving slowly.
The adder bites you. The adder attacks as you move away! The adder bites you.
* * * LOW HITPOINT WARNING * * *
You are poisoned.
The adder poisons you!
You feel sick. The adder bites you.
* * * LOW HITPOINT WARNING * * *
You are more poisoned.
The adder poisons you!
Unknown command.
Unknown command.
Really read the scroll of poison?
Okay, then.
There is a lethal amount of poison in your body!
Read: scroll of poison
Press: ? - help, Q - select action, (/) - cycle Dir - look around, f - activate Look: an adder The air fills with toxic fumes!
As you read the scroll of poison, it crumbles to dust.
* * * LOW HITPOINT WARNING * * *
You feel sick. The adder bites you.
You die...

##.# #.#.# #..#
#§#.####### #..#
#§#........
#..#####§#.###.###
# #....@.§§#.# #
#.#..#####@#.# .#
#.#..#∆ #§#.###.#
#...@# #S#.....##.
###..# #@#........
##.# #§§§#.....###
#.#.#####.###.#
#.#.......# .#
#.#.#####.# # #.#
..#.# .### #.#
#.#.##..... #.#
#.#....# #.#
#.#.#.##


You could see Terence and an adder.

Vanquished Creatures
  2 dart slugs (D:1)
  A ball python (D:1)
  3 bats (D:1)
  3 endoplasms
  4 goblins (D:1)
  6 hobgoblins
  A quokka (D:1)
  2 frilled lizards (D:1)
  2 kobolds (D:1)
  3 rats (D:1)
27 creatures vanquished.

Notes
Turn   | Place    | Note
-------+----------+-------------------------------------------
     0 | D:1      | sircluck the Gnoll Hexslinger began the quest for the Orb.
     0 | D:1      | Reached XP level 1. HP: 17/17 MP: 4/4
    58 | D:1      | Found Xajutzos's Antique Weapon Boutique.
    61 | D:1      | Found a faded altar of an unknown god.
   152 | D:1      | Reached XP level 2. HP: 23/23 MP: 5/5
   418 | D:1      | Reached XP level 3. HP: 18/28 MP: 7/7
   465 | D:1      | Found Cesmukae's Jewellery Emporium.
   536 | D:1      | Found Bainojumid's Armour Shoppe.
   970 | D:2      | Reached skill level 1 in Invocations
  1012 | D:2      | Noticed Terence
  1102 | D:2      | Slain by an adder

Illustrated notes

Levels and vault maps discovered:
D:1:      grunt_arrival_crossed_arrows, layout_basic, serial_shops,
          nicolae_shop_hallway_stairs, nicolae_shop_back_alley_shop,
          shop_fountains, ebering_ecumenical_altar_ruins, serial_bayou_pond_a,
          hangedman_decor_clover_reticule, minmay_bisected
D:2:      layout_basic, minmay_hedge_maze, amcnicky_mini_pool_small,
          minivault_5, minivault_19, roderic_lattice_a, uniq_terence

Skill      XL: |  1  2  3 |
---------------+----------+-----
Invocations    | 1 |  1.0
Fighting       | |  2.6
Short Blades   | |  0.8
Long Blades    | |  0.8
Axes           | |  0.8
Maces & Flails | |  0.8
Polearms       | |  0.8
Staves         | |  0.8
Ranged Weapons | |  4.5
Throwing       | |  0.8
Armour         | |  0.8
Dodging        | |  4.5
Stealth        | |  0.8
Shields        | |  0.8
Unarmed Combat | |  0.8
Spellcasting   | |  2.8
Conjurations   | |  0.5
Hexes          | |  5.4
Summonings     | |  0.5
Necromancy     | |  0.5
Translocations | |  0.5
Transmutations | |  0.5
Fire Magic     | |  0.5
Ice Magic      | |  0.5
Air Magic      | |  0.5
Earth Magic    | |  0.5
Poison Magic   | |  0.5
Evocations     | |  0.8

Action                     || total
---------------------------++-------
   Fire: Sling             ||   111
   Cast: Slow              ||    20
    Use: Scroll            ||     1
 Armour: Robe              ||    10
  Dodge: Dodged            ||    37

Table legend: (Time is in decaauts)
 A = Elapsed time spent in this place.
 B = Non-inter-level travel time spent in this place.
 C = Inter-level travel time spent in this place.
 D = Time resting spent in this place.
 E = Time spent auto-exploring this place.
 F = Levels seen in this place.
 G = Mean time per level.
                   A        B        C        D        E       F      G
               +--------+--------+--------+--------+--------+-----+--------+
         Total |   1122 |   1122 |      0 |      0 |    823 |   2 |  561.0 |
       Dungeon |   1122 |   1122 |      0 |      0 |    823 |   2 |  561.0 |
               +--------+--------+--------+--------+--------+-----+--------+

Top non-repeatable levels by time:
     D:1: 978 daAuts
     D:2: 144 daAuts
